Map: Abyssal Reef LE

Players

Geralt (Gerald)

  • Race: Protoss Protoss
  • League: Grandmaster
  • Spawn Location: 11:00

Kelazhur - Winner!

  • Race: Terran Terran
  • League: Master
  • Spawn Location: 5:00

Event: HomeStory Cup XXVI

VOD

Have the link to the VOD?

Description

Time

  • Played on: Nov. 29, 2024, 3:21 p.m.
  • Length: 15:33

All games in this series

Show
View Real Time Build Order
Export as new Build Order

Geralt Protoss 

Build Orders: 1 Gate Expand, Blink Stalkers 

Get SALT Encoding   

  12  0:00  Probe  
  13  0:12  Probe  
  14  0:17  Pylon  
  14  0:22  Probe  
  15  0:31  Probe  
  16  0:37  Gateway  
  16  0:39  Probe  
  16  0:46  Assimilator  
  17  0:51  Probe  
  18  1:03  Probe  
  19  1:16  Probe  
  20  1:24  Cybernetics Core  
  20  1:28  Probe  
  21  1:36  Nexus  
  21  1:42  Probe  
  22  1:47  Pylon  
  22  1:54  Assimilator  
  22  1:55  Probe  
  22  1:56  Adept  
  23  2:05  Warp Gate  
  25  2:09  Probe  
  25  2:14  Stalker  
  26  2:21  Probe  
  28  2:33  Twilight Council  
  28  2:36  Probe  
  29  2:40  Stalker  
  29  2:50  Blink, Probe  
  32  2:52  Shield Battery  
  32  2:54  Probe  
  33  3:02  Probe  
  34  3:06  Probe  
  35  3:15  Probe  
  36  3:22  Probe  
  35  3:28  Probe  
  35  3:29  Robotics Facility  
  36  3:34  Probe  
  36  3:36  Gateway  
  36  3:41  Probe  
  38  3:45  Pylon  
  38  3:46  Probe  
  39  3:53  Stalker, Probe  
  42  3:58  Probe  
  43  4:05  Probe  
  43  4:09  Nexus  
  44  4:11  Probe  
  45  4:17  Probe  
  45  4:19  Pylon  
  45  4:20  Stalker  
  45  4:23  Observer, Probe  
  50  4:27  Assimilator  
  50  4:36  Probe  
  51  4:42  Stalker  
  51  4:52  Stalker  
  49  4:53  Probe  
  49  4:57  Probe  
  49  4:58  Shield Battery  
  51  5:05  Probe  
  51  5:09  Probe  
  51  5:11  Assimilator  
  51  5:14  Immortal  
  56  5:15  Stalker  
  56  5:17  Probe  
  56  5:20  Pylon  
  59  5:21  Robotics Bay  
  59  5:22  Probe  
  59  5:24  Forge  
  60  5:29  Probe  
  60  5:32  Probe  
  60  5:34  Probe  
  63  5:41  Stalker, Probe  
  63  5:42  Stalker  
  68  5:43  Probe  
  68  5:45  Probe  
  68  5:49  Gateway  
  70  5:50  Gateway, Probe  
  70  5:52  Probe  
  70  5:53  Probe  
  72  5:58  Probe  
  72  5:59  Protoss Ground Weapons Level 1  
  72  6:00  Probe  
  72  6:03  Probe  
  75  6:04  Charge  
  75  6:06  Pylon  
  75  6:11  Colossus  
  73  6:15  Zealot  
  79  6:20  Probe x3  
  82  6:32  Probe  
  83  6:33  Pylon x2  
  82  6:43  Stalker x2  
  80  6:47  Probe  
  80  6:49  Probe  
  80  6:51  Zealot x2  
  79  7:01  Probe  
  79  7:06  Probe x2  
  79  7:07  Zealot x2  
  86  7:21  Probe  
  86  7:23  Stalker x2  
  86  7:24  Probe  
  86  7:26  Probe  
  86  7:28  Stalker x2  
  91  7:33  Probe  
  91  7:35  Shield Battery, Probe  
  92  7:38  Probe  
  92  7:41  Probe  
  92  7:43  Probe  
  93  7:49  Probe  
  93  7:50  Probe  
  93  7:51  Gateway x2  
  96  7:53  Probe  
  96  7:57  Zealot x3  
  96  7:58  Zealot  
  105  7:59  Probe  
  106  8:09  Probe  
  105  8:18  Nexus  
  105  8:19  Pylon  
  105  8:25  Colossus  
  105  8:28  Probe  
  105  8:32  Probe  
  105  8:34  Forge  
  105  8:36  Forge  
  105  8:39  Zealot x3  
  111  8:44  Pylon  
  111  8:48  Protoss Ground Armor Level 1, Probe  
  111  8:52  Templar Archives, Probe  
  111  8:53  Probe  
  114  8:57  Pylon  
  114  8:59  Zealot  
  116  9:04  Pylon x2  
  116  9:05  Probe  
  116  9:08  Gateway  
  117  9:10  Shield Battery  
  117  9:11  Gateway  
  117  9:12  Probe  
  117  9:13  Observer  
  117  9:17  Zealot x5  
  114  9:18  Pylon, Psionic Storm  
  114  9:21  Protoss Ground Weapons Level 2  
  114  9:22  Probe  
  114  9:23  Pylon, Probe  
  125  9:27  Sentry  
  125  9:29  Probe  
  129  9:31  Probe  
  129  9:34  Probe  
  129  9:35  Probe  
  131  9:39  High Templar x3  
  131  9:40  High Templar  
  131  9:41  High Templar  
  131  9:42  Gateway  
  131  9:43  Probe  
  142  9:47  Probe  
  142  9:50  Gateway, Pylon  
  142  9:52  Probe  
  150  10:03  Probe  
  149  10:15  Zealot x2  
  149  10:16  Zealot x6  
  139  10:42  Stalker x7  
  124  10:45  Archon  
  124  10:48  Zealot, High Templar  
  124  10:49  Zealot  
  108  11:10  Stalker x3, Zealot x3  
  108  11:11  Zealot x3  
  111  11:28  Probe  
  110  11:34  Nexus  
  110  11:35  Probe  
  110  11:36  Probe, Pylon  
  110  11:39  Robotics Facility  
  112  11:40  Pylon  
  112  11:42  Zealot x8  
  128  11:54  Assimilator  
  128  11:55  Assimilator  
  128  11:57  Protoss Ground Armor Level 2  
  128  11:59  Pylon  
  128  12:06  Zealot x5, Pylon  
  136  12:29  Zealot x8  
  152  12:30  Probe  
  152  12:31  Stalker  
  124  12:53  Probe  
  125  12:58  Probe  
  125  12:59  Probe  
  125  13:00  Robotics Facility  
  125  13:02  Warp Prism, Robotics Bay, Zealot x8  
  143  13:06  Assimilator  
  143  13:11  Assimilator  
  145  13:22  Probe  
  145  13:27  Nexus, Pylon  
  145  13:31  Probe  
  120  13:44  High Templar x2  
  120  13:46  Disruptor  
  108  13:50  Archon  
  100  13:58  Probe  
  100  14:02  Probe x3  
  94  14:10  Zealot x6, Probe  
  94  14:11  Zealot x2, Disruptor  
  94  14:14  Probe x3  
  108  14:22  Disruptor  
  110  14:26  Probe  
  110  14:28  High Templar  
  110  14:29  Zealot  
  110  14:30  Probe  
  115  14:37  Zealot x2  
  115  14:38  Zealot x6  
  130  14:43  Probe  
  105  14:53  Archon  
  105  14:54  Zealot  
  105  14:55  Probe  
  88  15:01  Zealot x2  
  88  15:02  Zealot x7  
  90  15:07  Probe  
  81  15:14  Probe  
  81  15:16  High Templar  
  81  15:19  Nexus  
  81  15:21  Pylon  
  73  15:22  Stalker  
  73  15:23  Stalker x2, High Templar  
  73  15:27  Zealot  
Show
View Real Time Build Order
Export as new Build Order

Kelazhur Terran - Winner!

Build Orders:  

Get SALT Encoding   

  12  0:00  SCV  
  13  0:12  SCV  
  14  0:17  Supply Depot  
  14  0:24  SCV  
  15  0:39  SCV, Barracks  
  16  0:43  Refinery  
  16  0:51  SCV  
  16  0:53  Refinery  
  17  1:03  SCV  
  18  1:15  SCV  
  19  1:26  Reaper  
  19  1:27  Orbital Command  
  20  1:39  Supply Depot  
  20  1:42  Factory  
  20  1:53  SCV  
  21  1:58  Barracks Reactor  
  21  2:05  SCV  
  22  2:18  SCV  
  23  2:23  Command Center  
  23  2:28  Widow Mine  
  25  2:34  SCV  
  26  2:39  Starport  
  26  2:43  Marine  
  27  2:44  Marine  
  27  2:48  SCV  
  29  2:55  Supply Depot  
  29  2:56  Factory Tech Lab  
  29  3:01  Marine  
  29  3:04  SCV  
  30  3:16  SCV  
  30  3:17  Siege Tank  
  33  3:23  Marine x2  
  35  3:27  Medivac  
  35  3:30  SCV  
  38  3:36  Supply Depot  
  38  3:41  Marine  
  39  3:57  SCV, Marine, Siege Tank  
  39  3:58  Orbital Command, Starport Tech Lab  
  44  4:06  Marine  
  44  4:09  SCV  
  46  4:15  Marine  
  47  4:17  Banshee  
  47  4:24  Marine  
  51  4:25  SCV  
  51  4:29  SCV  
  51  4:30  Supply Depot  
  53  4:37  Marine  
  54  4:41  Marine  
  55  4:48  Siege Tank  
  55  4:53  SCV  
  55  4:57  SCV, Marine  
  55  4:59  Marine  
  59  5:00  Command Center  
  59  5:05  Banshee  
  59  5:06  SCV  
  62  5:10  SCV  
  63  5:14  Supply Depot  
  63  5:18  Marine x2  
  63  5:20  Supply Depot  
  65  5:24  SCV x2  
  67  5:32  Barracks  
  67  5:33  Barracks  
  67  5:36  SCV  
  67  5:37  Siege Tank  
  67  5:40  SCV  
  72  5:48  Marine  
  72  5:49  Engineering Bay, Marine, Refinery  
  74  5:52  SCV  
  74  5:53  SCV  
  76  6:00  Starport Reactor  
  76  6:04  SCV  
  76  6:06  SCV  
  76  6:11  Refinery  
  78  6:16  SCV, Marine x2  
  84  6:20  Orbital Command  
  84  6:23  SCV, Barracks  
  84  6:24  Factory Reactor  
  82  6:26  Barracks  
  82  6:40  SCV  
  82  6:41  Orbital Command  
  80  6:47  Combat Shield, Marauder, Stimpack  
  80  6:48  Marauder  
  80  6:49  Medivac  
  80  6:52  Medivac  
  80  6:53  SCV  
  85  7:00  SCV  
  84  7:02  Marine x2  
  84  7:04  Widow Mine x2  
  84  7:07  Supply Depot  
  90  7:08  SCV x2  
  90  7:09  Terran Infantry Weapons Level 1  
  90  7:10  Marine x3  
  90  7:13  Marine  
  92  7:19  SCV, Marine x2  
  85  7:28  Marine  
  85  7:29  Marauder  
  88  7:30  Marauder  
  88  7:31  SCV x2, Marine  
  88  7:32  Supply Depot  
  88  7:35  Medivac  
  95  7:37  Marine  
  95  7:40  Medivac  
  95  7:41  SCV  
  95  7:43  SCV  
  100  7:46  SCV  
  100  7:50  Barracks Tech Lab, Marauder, Barracks Reactor  
  103  7:51  Marine  
  103  7:56  SCV  
  103  7:58  Marine  
  103  7:59  Marauder  
  103  8:05  Viking  
  108  8:07  SCV x2, Refinery x2  
  108  8:08  SCV  
  108  8:11  Marine, Marauder  
  108  8:12  Marauder  
  114  8:15  Viking  
  114  8:16  Marine  
  114  8:18  Supply Depot x2  
  117  8:20  SCV x2  
  117  8:21  Engineering Bay  
  117  8:22  Armory  
  117  8:25  SCV  
  117  8:27  Concussive Shells, Marauder  
  120  8:30  Marine x2  
  120  8:32  SCV x2  
  120  8:33  Marauder  
  121  8:37  SCV, Marauder  
  121  8:38  Marine  
  121  8:39  Marine  
  122  8:44  SCV x2  
  122  8:46  Supply Depot  
  122  8:47  Marine  
  122  8:48  Marauder  
  127  8:49  SCV  
  127  8:53  Supply Depot  
  127  8:54  Marauder, Viking x2  
  127  8:55  Marine  
  135  8:56  SCV x2  
  137  9:04  Marine x2, Marauder  
  137  9:07  Terran Infantry Armor Level 1  
  137  9:08  Supply Depot  
  137  9:09  SCV, Marauder  
  144  9:13  SCV x2, Marine x2  
  144  9:15  Marauder  
  148  9:20  Supply Depot  
  148  9:21  SCV  
  148  9:22  Marine  
  150  9:26  Marauder, Viking  
  150  9:29  Supply Depot, Viking  
  156  9:36  Marine x3  
  156  9:37  Marauder  
  161  9:41  Terran Infantry Weapons Level 2  
  161  9:43  Refinery  
  161  9:45  Marine  
  161  9:46  Marauder  
  161  9:47  Marine  
  165  9:53  Command Center  
  165  9:55  Marine x2  
  165  9:58  Marauder  
  169  10:02  Viking  
  169  10:05  Marauder  
  173  10:09  Marine  
  173  10:10  Marine, Marauder  
  173  10:13  Viking  
  178  10:14  SCV x3  
  178  10:16  Marine  
  178  10:19  Marauder  
  179  10:22  Marine  
  176  10:39  Marauder x2  
  176  10:41  Marauder  
  176  10:42  Marine x2  
  169  10:46  Marine x2  
  169  10:57  Medivac x2  
  169  11:00  Marine  
  169  11:01  Marauder x2  
  169  11:03  Widow Mine  
  169  11:04  SCV x2, Marauder  
  173  11:05  SCV, Widow Mine  
  173  11:06  Ghost Academy  
  173  11:07  Terran Infantry Armor Level 2  
  173  11:08  Supply Depot  
  164  11:14  Marine x3  
  147  11:22  Marauder  
  147  11:23  Marauder  
  147  11:24  SCV x3  
  140  11:28  Marauder, Medivac x2  
  140  11:29  Marine  
  140  11:32  Marine x2  
  140  11:33  Planetary Fortress  
  140  11:36  SCV x3  
  143  11:42  Marine  
  143  11:43  Ghost  
  143  11:44  Ghost  
  150  11:48  SCV x3  
  150  11:51  Barracks x2  
  150  11:53  Barracks  
  153  12:02  Bunker  
  153  12:03  Ghost  
  153  12:04  Marine x4  
  153  12:06  Supply Depot, Medivac  
  153  12:07  Medivac  
  164  12:13  SCV x2  
  170  12:15  Marauder x2  
  170  12:21  Marine  
  170  12:22  Widow Mine x2  
  170  12:32  Marauder  
  170  12:34  SCV x2, Marine x2, Refinery  
  170  12:36  Ghost, Command Center  
  180  12:37  Marauder  
  180  12:39  Marine  
  165  12:48  Marine  
  165  12:49  Widow Mine x2  
  163  12:54  Marauder  
  163  12:57  Marine  
  163  12:58  Marine x5, Marauder  
  173  13:02  Refinery  
  173  13:05  Marauder  
  173  13:06  Marine  
  173  13:09  Missile Turret  
  174  13:14  Ghost  
  174  13:15  Marine x4  
  174  13:16  Marine x2, Widow Mine x2  
  174  13:19  Marine  
  188  13:24  Marine  
  188  13:27  Marauder  
  191  13:30  Command Center  
  191  13:32  Sensor Tower  
  191  13:33  Marine x3  
  190  13:37  Marauder  
  178  13:42  Marine  
  178  13:43  Marine x3  
  178  13:44  Marauder  
  178  13:48  Marauder  
  173  13:51  Marine x3  
  173  13:52  Widow Mine  
  170  13:59  Marauder, Medivac x2  
  170  14:00  Marine, Widow Mine  
  170  14:01  Marine x3  
  180  14:05  Marauder  
  180  14:09  Marine x2, Marauder  
  182  14:10  Command Center  
  182  14:13  Marine, Widow Mine  
  183  14:18  SCV x4  
  183  14:20  Marauder  
  189  14:26  Marauder  
  189  14:27  Widow Mine  
  189  14:28  Marine  
  189  14:29  Marine x5  
  189  14:30  SCV  
  199  14:42  Marauder  
  196  14:45  Marine  
  196  14:47  Marine, Marauder  
  192  14:54  Marine  
  192  14:55  Marine, Marauder  
  190  15:02  Widow Mine x2  
  190  15:03  Marauder  
  191  15:07  Marine x5  
  191  15:08  Marauder  
  191  15:12  Marine x2  
Tags
 
Add a new tag
Caveats
  • Supply blocks, unpowered buildings, or Contaminate may cause inaccurate times.
  • Supply counts are checked every 10 seconds.